 Dungeon Crawl Stone Soup version 0.27-a0-1545-g3eddc1d3d3 (webtiles) character file.

Game seed: 1983869326378871766

83 MacCMillion the Digger (level 4, -1/24 HPs)
             Began as a Gargoyle Earth Elementalist on July 13, 2021.
             Slain by Menkaure (20 damage)
             ... on level 5 of the Dungeon.
             The game lasted 00:10:39 (2296 turns).

MacCMillion the Digger (GrEE)                       Turns: 2296, Time: 00:10:40

Health: -1/24      AC:  5    Str: 11    XL:     4   Next: 44%
Magic:  6/7        EV: 16    Int: 16    God:
Gold:   130        SH:  0    Dex: 11    Spells: 6/7 levels left

rFire    . . .     SeeInvis .   r - +0 club
rCold    . . .     Faith    .   (no shield)
rNeg     + . .     Spirit   .   b - +0 robe
rPois    ∞         Reflect  .   (no helmet)
rElec    +         Harm     .   (no cloak)
rCorr    .         Rampage  .   (no gloves)
Will     .....                  (no boots)
Stlth    ++........             (no amulet)
HPRegen  0.08/turn              w - +4 ring of evasion
MPRegen  0.10/turn              (no ring)

@: no status effects
A: sickness immunity, AC +3, negative energy resistance 1, electricity
resistance, torment resistance 1, petrification resistance
a: no special abilities


You were on level 5 of the Dungeon.
You visited 1 branch of the dungeon, and saw 4 of its levels.

You collected 130 gold pieces.

Inventory:

Hand Weapons
 h - a +0 spear
 r - a +0 club (weapon)
 t - a +0 short sword
Missiles
 c - 62 stones
 q - 29 sling bullets
 s - 11 poisoned darts
Armour
 b - a +0 robe (worn)
 p - a +0 ring mail
 v - a +2 robe of fire resistance
Jewellery
 w - a +4 ring of evasion (left hand)
Wands
 u - a wand of polymorph (2)
 x - a wand of mindburst (13)
Scrolls
 a - a scroll of silence {unknown}
 d - a scroll of immolation {unknown}
 f - 2 scrolls of identify {unknown}
 g - a scroll of vulnerability {unknown}
 i - a scroll of magic mapping {unknown}
 l - a scroll of teleportation {unknown}
 n - a scroll of enchant armour {unknown}
 o - a scroll of blinking {unknown}
Potions
 e - a potion of invisibility {unknown}
 j - a potion of berserk rage {unknown}
 k - 2 potions of curing {unknown}
 m - a potion of mutation {unknown}


   Skills:
 + Level 0.9 Maces & Flails
 - Level 1.5 Dodging
 - Level 2.1 Stealth
 - Level 2.0 Spellcasting
 - Level 0.7 Transmutations
 * Level 6.0 Earth Magic


You had 6 spell levels left.
You knew the following spells:

 Your Spells              Type           Power      Damage    Failure   Level
a - Sandblast             Erth           40%        2d10      1%          1

Your spell library contained the following spells:

 Spells                   Type           Power      Damage    Failure   Level
 Passwall                 Tmut/Erth      10%        N/A       8%          2
 Stone Arrow              Conj/Erth      22%        3d8       19%         3
 Petrify                  Tmut/Erth      12%        N/A       45%         4


Dungeon Overview and Level Annotations

Branches:
Dungeon (3/15)

Altars:

Shops:
D:1 (

Annotations:
D:2 Sigmund
D:5 Menkaure


Innate Abilities, Weirdness & Mutations

You are immune to sickness and miasma.
Your stone body is resilient. (AC +3)
You are immune to poison.
You resist negative energy. (rN+)
You are resistant to electric shocks. (rElec)
You are resistant to unholy torment.
You are immune to petrification.


Message History

The blast of sand hits the jackal.
You kill the jackal!
Your Earth Magic skill increases to level 6!
HP restored.
w - a +4 ring of evasion
Found an encrusted brass wand.
Found 23 stones and a leather armour.
x - a wand of mindburst (13)
Okay, then.
You can't see any susceptible monsters within range! (Use Z to cast anyway.) Unknown command.
w - a +4 ring of evasion (left hand)
c - 63 stones (gained 23)
A rat comes into view.
You barely miss the rat. The rat misses you.
You hit the rat.
You kill the rat!
No target in view!
Found 24 stones.
Found a helmet.
An endoplasm comes into view.
You fall into a shaft and drop 2 floors!
The shaft crumbles and collapses.
Menkaure, Prince of Dust comes into view.
Found a pair of boots.
Menkaure shouts!
An orc comes into view. It is wielding a +0 short sword.
Menkaure casts a spell at you. Pain shoots through your body!
The orc moves out of view.
Menkaure calls on the powers of darkness!
Your body is wracked with pain!
The orc convulses!
You hear an angry growl.
An orc priest comes into view. It is wielding a +0 club.
The orc priest shouts!
You hear a shout!
A black bear comes into view.
The blast of sand hits Menkaure.
Menkaure is lightly damaged.
Menkaure hits you!!
Ouch! That really hurt!
You die...

≈≈≈≈≈≈...# ≈≈≈
≈≈...#
≈≈###≈..######
#...#........
#.⌠.#..######
#...#..######
...###.........
....o....######
.####.#@.#
#..M.# ###..#
#..# #..# #o.h
##.# ..


You could see a black bear, Menkaure, an orc priest and an orc.

Vanquished Creatures
  Jessica (D:3)
  A gnoll (D:1)
  A worm (D:3)
  A dart slug (D:1)
  5 endoplasms
  A goblin (D:3)
  3 hobgoblins
  5 jackals
  4 quokkas
  6 ball pythons
  4 bats
  2 frilled lizards
  2 kobolds
  2 rats
38 creatures vanquished.

Notes
Turn   | Place    | Note
-------+----------+-------------------------------------------
     0 | D:1      | MacCMillion the Gargoyle Earth Elementalist began the quest
                  | for the Orb.
     0 | D:1      | Reached XP level 1. HP: 10/10 MP: 3/3
   120 | D:1      | Found Latol's Weapon Boutique.
   138 | D:1      | Reached skill level 4 in Earth Magic
   251 | D:1      | Reached XP level 2. HP: 5/15 MP: 0/5
   982 | D:1      | Reached skill level 5 in Earth Magic
   982 | D:1      | Reached XP level 3. HP: 16/19 MP: 2/6
  1100 | D:1      | Found a faded altar of an unknown god.
  1132 | D:2      | Noticed Sigmund
  2011 | D:3      | Noticed Jessica
  2021 | D:3      | Killed Jessica
  2022 | D:3      | Reached XP level 4. HP: 24/24 MP: 1/7
  2183 | D:3      | Reached skill level 6 in Earth Magic
  2290 | D:3      | You fall into a shaft and drop 2 floors!
  2290 | D:5      | Entered Level 5 of the Dungeon
  2290 | D:5      | Noticed Menkaure
  2295 | D:5      | Noticed a black bear
  2296 | D:5      | Slain by Menkaure

Illustrated notes

Levels and vault maps discovered:
D:1:      amcnicky_arrival_underground_garden, layout_loops_cross,
          hellmonk_ecumenical_altar_leap_of_faith, serial_shops,
          nicolae_shop_statue_plus
D:2:      layout_loops_ring, uniq_sigmund
D:3:      layout_rooms, uniq_jessica
D:5:      layout_loops_ring, fountainhead, cheibrodos_gnoll_hut, uniq_ijyb,
          uniq_pikel, uniq_menkaure

Skill      XL: |  1  2  3  4 |
---------------+-------------+-----
Earth Magic    | 4 5 6 |  6.0
Maces & Flails | |  0.9
Dodging        | |  1.5
Stealth        | |  2.1
Spellcasting   | |  2.0
Transmutations | |  0.7

Action                   |  1- 3 |  4- 6 || total
-------------------------+-------+-------++-------
Melee: Unarmed           |    11 |       ||    11
       Spear             |    35 |       ||    35
       Club              |     2 |    31 ||    33
 Cast: Sandblast         |    31 |     3 ||    34
 Stab: Sleeping          |     1 |       ||     1
Armor: Robe              |    17 |    17 ||    34
       Skin              |       |     6 ||     6
Dodge: Dodged            |    25 |    25 ||    50

Table legend: (Time is in decaauts)
 A = Elapsed time spent in this place.
 B = Non-inter-level travel time spent in this place.
 C = Inter-level travel time spent in this place.
 D = Time resting spent in this place.
 E = Time spent auto-exploring this place.
 F = Levels seen in this place.
 G = Mean time per level.
                   A        B        C        D        E       F      G
               +--------+--------+--------+--------+--------+-----+--------+
         Total |   2307 |   2114 |    193 |    109 |   1494 |   4 |  576.8 |
       Dungeon |   2307 |   2114 |    193 |    109 |   1494 |   4 |  576.8 |
               +--------+--------+--------+--------+--------+-----+--------+

Top non-repeatable levels by time:
     D:1: 1155 daAuts
     D:2: 708 daAuts
     D:3: 437 daAuts
     D:5: 5 daAuts
